 Dungeon Crawl Stone Soup version 0.26-a0-1026-g544776af23 (webtiles) character file.

Game seed: 6252717768539906114

44 pablito the Insei (level 3, -8/23 HPs)
             Began as an Octopode Transmuter on Dec 10, 2020.
             Killed from afar by Sigmund (10 damage)
             ... with a magic dart
             ... on level 2 of the Dungeon.
             The game lasted 00:03:41 (1842 turns).

pablito the Insei (Octopode Transmuter)             Turns: 1842, Time: 00:03:41

Health: -8/23      AC:  1    Str:  8 (9)  XL:     3   Next: 62%
Magic:  5/6        EV: 13    Int: 14 (15) God:
Gold:   28         SH:  0    Dex: 11 (13) Spells: 5/6 levels left

rFire    x . .     SeeInvis .     - Unarmed
rCold    + . .     Faith    .   (no shield)
rNeg     . . .     Spirit   .   (helmet currently unavailable)
rPois    .         Reflect  .   (no amulet)
rElec    .         Harm     .   d - ring of ice
rCorr    .         Rampage  .   (no ring)
Will     .....                  (no ring)
Stlth    ++........             (no ring)
HPRegen  0.07/turn              (no ring)
MPRegen  0.10/turn              (no ring)
                                (no ring)
                                (no ring)

@: appendages, very slightly contaminated, hasted, invisible, very quick
A: almost no armour, stealthy swim, amphibious, 8 rings, constrict 8, tentacle
spike 3, camouflage 1, gelatinous body 1
a: End Transformation


You were on level 2 of the Dungeon.
One of your tentacles had a temporary spike.
You visited 1 branch of the dungeon, and saw 2 of its levels.

You collected 28 gold pieces.

Inventory:

Jewellery
 d - a ring of ice (left tentacle)
Scrolls
 f - a scroll of remove curse {unknown}
 g - a scroll of identify {unknown}
Potions
 a - a potion of haste
 b - 2 potions of degeneration
 c - a potion of ambrosia {unknown}
 e - a potion of invisibility
 h - a potion of berserk rage {unknown}


   Skills:
 - Level 1.0 Fighting
 - Level 2.0 Dodging
 + Level 3.8 Unarmed Combat
 - Level 2.0 Spellcasting
 + Level 3.0 Transmutations


You had 5 spell levels left.
You knew the following spells:

 Your Spells              Type           Power        Failure   Level
a - Beastly Appendage     Tmut           ##....       7%          1

Your spell library contained the following spells:

 Spells                   Type           Power        Failure   Level
 Wereblood                Tmut           ##......     10%         2
 Spider Form              Tmut/Pois      #.........   36%         3
 Ice Form                 Ice/Tmut       #.......     77%         4
 Blade Hands              Tmut           ##........   88%         5


Dungeon Overview and Level Annotations

Branches:
Dungeon (2/15)

Altars:
Makhleb
Zin

Annotations:
D:2 Sigmund


Innate Abilities, Weirdness & Mutations

You cannot wear most types of armour.
You are very stealthy in the water. (Stealth+)
You are amphibious.
You can wear up to eight rings at the same time.
You can use your tentacles to constrict eight enemies at once.
Your skin changes colour to match your surroundings (Stealth+).
Your rubbery body absorbs attacks. (AC +1, EV +1)
One of your tentacles bears a large vicious spike.


Message History

It was a potion of degeneration.
There was something very wrong with that liquid.
You feel weakened.
You feel dopey.
You feel clumsy.
You constrict Sigmund, but do no damage.
Sigmund barely misses you.
It was a potion of haste.
You feel yourself speed up.
Your tentacle spike disappears.
You constrict Sigmund, but do no damage.
Sigmund closely misses you.
You tentacle-slap Sigmund but do no damage.
Your squeeze misses Sigmund.
Sigmund is moderately wounded.
You constrict Sigmund.
Casting: Beastly Appendage (safe; 7% risk of failure)
Confirm with . or Enter, or press ? or * to list all spells.
One of your tentacles grows a vicious spike.
You constrict Sigmund. Sigmund gestures at you while chanting.
The magic dart hits you!
You die...

#.###.##.#
###.........
##...........
######...####.#.##
...........(..#.#
######...######.#
##.## .# #.# ##@##
#.######@..##..
#........>....#
########...####
##.## ... ####


You could see Sigmund.

Vanquished Creatures
  An ooze (D:1)
  4 leopard geckos (D:1)
  5 bats
  2 giant cockroaches
  3 goblins
  2 hobgoblins (D:1)
  2 jackals (D:1)
  7 kobolds
  A ball python (D:1)
  3 frilled lizards
  7 rats (D:1)
37 creatures vanquished.

Notes
Turn   | Place    | Note
-------+----------+-------------------------------------------
     0 | D:1      | pablito the Octopode Transmuter began the quest for the
                  | Orb.
     0 | D:1      | Reached XP level 1. HP: 13/13 MP: 3/3
   285 | D:1      | Reached XP level 2. HP: 18/18 MP: 3/5
   539 | D:1      | Reached XP level 3. HP: 16/23 MP: 4/6
  1450 | D:2      | Noticed a balrug
  1451 | D:2      | Found a burning altar of Makhleb.
  1454 | D:2      | Found a glowing silver altar of Zin.
  1454 | D:2      | Noticed an angel
  1829 | D:2      | Noticed Sigmund
  1837 | D:2      | HP: 1/23 [Sigmund/+0 scythe (16)]
  1842 | D:2      | Killed from afar by Sigmund

Illustrated notes

Levels and vault maps discovered:
D:1:      eino_arrival_water_cross, layout_loops_ring
D:2:      layout_loops_ring, grunt_temple_overflow_order_and_chaos_2,
          uniq_sigmund

Skill      XL: |  1  2  3 |
---------------+----------+-----
Transmutations | 3 |  3.0
Fighting       | |  1.0
Dodging        | |  2.0
Unarmed Combat | |  3.8
Spellcasting   | |  2.0

Action                   || total
-------------------------++-------
Melee: Unarmed           ||    78
       Constrict         ||    23
       Kick              ||    18
       Tentacles         ||     9
       Punch             ||     2
 Cast: Beastly Appendage ||    25
  Use: Potion            ||     3
 Stab: Sleeping          ||     5
Armor: Skin              ||    11
Dodge: Dodged            ||    46

Table legend: (Time is in decaauts)
 A = Elapsed time spent in this place.
 B = Non-inter-level travel time spent in this place.
 C = Inter-level travel time spent in this place.
 D = Time resting spent in this place.
 E = Time spent auto-exploring this place.
 F = Levels seen in this place.
 G = Mean time per level.
                   A        B        C        D        E       F      G
               +--------+--------+--------+--------+--------+-----+--------+
         Total |   1835 |   1820 |     15 |      0 |   1608 |   2 |  917.5 |
       Dungeon |   1835 |   1820 |     15 |      0 |   1608 |   2 |  917.5 |
               +--------+--------+--------+--------+--------+-----+--------+

Top non-repeatable levels by time:
     D:1: 1376 daAuts
     D:2: 459 daAuts
